[Event "34th MPL National U14-ch 2022"]
[Site "Ahmedabad"]
[Date "2022.05.09"]
[Round "1.10"]
[White "Harshvardhan Swami"]
[Black "Chidvilash Sai Surapaneni"]
[Result "0-1"]
[ECO "B12"]
[WhiteElo "1272"]
[BlackElo "1912"]
[Annotator "TA"]
[PlyCount "58"]
[EventDate "2022.05.09"]
[EventType "swiss"]
[EventCountry "IND"]
[SourceTitle "playchess.com"]
[Source "ChessBase"]
[SourceQuality "1"]
[TimeControl "5400+30"]

1. e4 c6 2. d4 d5 3. e5 Bf5 4. Nc3 e6 5. g4 Bg6 6. Nge2 h6 7. Nf4 Bh7 8. Be3 {[%emt 0:00:04] B12: Caro-Kann: Advance Variation.} Nd7 9. Bd3 Bxd3 10. Qxd3 {[%emt 0:00:02] White is slightly better.} Ne7 11. O-O-O c5 {[%emt 0:00:31] [#]} 12. Nb5 $146 ({White should play} 12. dxc5 $14 Nxe5 13. Qe2 (13. Qb5+ Qd7 $11)) ({Predecessor:} 12. Rhe1 c4 13. Qd2 Nc6 14. Kb1 Bb4 15. Nh5 g6 16. Ng3 Qh4 17. g5 hxg5 18. Bxg5 Bxc3 19. bxc3 {0-1 (28) Calvello,S (1655)-Ropokis,D (1800) FICGS email 2010}) 12... Nc6 $11 13. Nxe6 fxe6 $17 14. Qg6+ Ke7 {[%emt 0:00:03][%cal Be8e7,Be7d7,Bd7c6][%mdl 32] Threatens to win with ...a6.} 15. Nd6 $2 {[%emt 0:02:08] [#] This move loses the game for White.} (15. c4 $17 {keeps fighting.} Qe8 16. Qxe8+ Rxe8 17. cxd5 exd5 18. Nc7) 15... Ndxe5 $1 $19 16. dxe5 (16. Nf5+ Kd7) 16... Nxe5 {[%emt 0:00:01] Dancing on a razor blade.} 17. Nf5+ Kd7 18. Qh5 g6 19. Qh3 gxf5 20. gxf5 Qf6 21. fxe6+ Kc6 22. Rhe1 Bd6 ({Don't go for} 22... Nc4 $2 23. c3 Rd8 24. Re2 $19) 23. b3 $2 (23. Kb1 Nf3 24. Re2) 23... Nf3 {[%emt 0:00:16][%cal Rf6a1] [#] Black is clearly winning.} 24. Kb1 {[%emt 0:02:27] Prevents Qa1+.} Nxe1 25. Rxe1 Rae8 {[%emt 0:00:26] And now ...Qc3 would win.} 26. Bc1 Qxf2 27. Qc3 b6 28. Qg7 Be7 29. Qe5 Bf6 {[%emt 0:00:20] Weighted Error Value: White=0.70/Black=0.21 (precise)} 0-1

[Event "34th MPL National U14-ch 2022"]
[Site "Ahmedabad"]
[Date "2022.05.09"]
[Round "2.1"]
[White "Raihaan Zahid"]
[Black "Kadam Om Manish"]
[Result "0-1"]
[ECO "A11"]
[WhiteElo "1457"]
[BlackElo "2144"]
[Annotator "TA"]
[PlyCount "80"]
[EventDate "2022.05.09"]
[EventType "swiss"]
[EventCountry "IND"]
[SourceTitle "playchess.com"]
[Source "ChessBase"]
[SourceQuality "1"]
[TimeControl "5400+30"]

1. c4 c6 2. g3 Nf6 3. Bg2 d5 4. b3 g6 5. Bb2 Bg7 6. Nf3 O-O 7. O-O Bg4 8. d3 Bxf3 9. Bxf3 d4 {[%emt 0:00:00] A11: English Opening: 1...c6.} 10. Nd2 {[%emt 0:01:04] [#]} e5 $146 ({Predecessor:} 10... Nfd7 11. b4 Qc7 12. Nb3 e5 13. a4 Nf6 14. a5 a6 15. Ba3 Nbd7 16. Nd2 Rfe8 17. Qa4 {1-0 (85) Krivonosov,O (2391)-Jablokov,D (1962) Panevezys 2020}) 11. Ba3 Re8 {[%emt 0:00:00] White has an edge.} 12. Qc2 a5 13. Bb2 Na6 14. a3 Bh6 15. Rab1 Nd7 16. Bc1 Bf8 17. e4 dxe3 18. fxe3 Bh6 19. Ne4 Qe7 {[%emt 0:00:00] Prevents b4.} 20. d4 f5 21. Nc3 {[%emt 0:01:13] Black converts the advantage convincingly.} (21. Nf2 $1 $11) 21... exd4 $17 22. exd4 Be3+ 23. Bxe3 Qxe3+ 24. Rf2 Qxd4 {[%emt 0:00:00] aiming for ...Re3.} 25. Rd1 Qg7 26. Rfd2 Ne5 27. Bg2 (27. Be2 $142) 27... Ng4 $19 {[%emt 0:00:00] [#] White must now prevent ...Ne3. Pair of Knights!} ({Inferior is} 27... Qh6 28. Re2 $17) 28. Rd7 $2 (28. Qb2 {is more resistant.}) 28... Qh6 29. Bf3 Qe3+ 30. Kg2 Ne5 31. R7d3 Nxd3 32. Rxd3 Qe5 33. Rd7 Nc5 34. Rd2 Rad8 35. Re2 Qd4 {[%emt 0:00:00] [#] Hoping for ...Nd3.} 36. Rxe8+ Rxe8 37. Ne2 Qd3 38. Qb2 Qxb3 39. Qd4 Qe3 40. Qf6 Ne4 {[%emt 0:00:00] Weighted Error Value: White=0.62/Black=0.12 (very precise)} (40... Nd3 $142 41. Qd4 Ne1+ 42. Kf1 Qxf3+ 43. Qf2 Qh1+ 44. Ng1 Nd3 45. Qd2 Re1+ 46. Qxe1 Nxe1 47. Kxe1 Qxg1+ 48. Ke2 Qxh2+ 49. Ke3 Qxg3+ 50. Kd2 f4 51. Kc2 f3 52. Kd2 Qf4+ 53. Ke1 Qe3+ 54. Kd1 Qe2+ 55. Kc1 f2 56. c5 f1=Q#) 0-1

[Event "34th MPL National U14-ch 2022"]
[Site "Ahmedabad"]
[Date "2022.05.09"]
[Round "2.2"]
[White "Md Imran"]
[Black "Borkar, Yashwant"]
[Result "1-0"]
[ECO "A29"]
[WhiteElo "2122"]
[BlackElo "1528"]
[Annotator "TA"]
[PlyCount "69"]
[EventDate "2022.05.09"]
[EventType "swiss"]
[EventCountry "IND"]
[SourceTitle "playchess.com"]
[Source "ChessBase"]
[SourceQuality "1"]
[TimeControl "5400+30"]

1. c4 e5 2. Nc3 Nf6 3. g3 d5 4. cxd5 Nxd5 5. Bg2 Nb6 6. Nf3 Nc6 7. O-O Be7 8. d3 Be6 9. Be3 O-O 10. a3 Nd5 {[%emt 0:08:01] A29: English Opening: Four Knights Variation with 4 g3.} 11. Nxd5 Bxd5 12. Rc1 Qd7 {[%emt 0:02:52] The position is equal.} 13. b4 a6 {[%emt 0:00:39] [#]} 14. d4 $146 (14. Bc5 {keeps more tension.} Rfe8 15. Nd2 Bxg2 16. Kxg2 Qd5+ 17. Nf3) ({Predecessor:} 14. Bc5 Rfe8 15. Qc2 Rad8 16. Rfd1 Bf6 17. e4 Be6 18. Qc3 Bg4 19. a4 Rc8 20. b5 axb5 21. axb5 {½-½ (47) Eljanov,P (2672)-Gumularz,S (2517) Tornelo INT 2021}) 14... exd4 (14... e4 {is more complex.} 15. Ne5 Qe6 16. Nxc6 Bxc6 17. Bf4 a5) 15. Nxd4 {[%emt 0:00:39] [#] aiming for Bxd5.} Bxg2 16. Kxg2 {[%emt 0:00:37] Strongly threatening Nxc6.} Nxd4 17. Qxd4 Rfd8 18. Qe4 Bd6 19. Qxb7 Qa4 20. Bg5 Rdb8 21. Qf3 {[%emt 0:00:13] White is much more active.} a5 22. Bf4 axb4 23. Bxd6 cxd6 24. axb4 Qd7 {[%emt 0:03:00] Inhibits Rc7.} 25. Rfd1 $40 {[%emt 0:00:31][%cal Bf1d1,Bd1d4,Bd4e4,Be4e8][%mdl 160] White attacks with force.} Ra6 26. Rd4 Rab6 27. Qf4 h6 28. f3 Qe6 29. Re4 Qb3 (29... Qd7 $16 30. Rd4 Qe7) 30. Rc7 $18 {[%emt 0:00:16] Rec4 is the strong threat.} R6b7 $2 {[%emt 0:00:59] [#]} (30... Qd5 $18 31. Rd7 R6b7 32. Rxd6 Qg5) 31. Rxb7 Rxb7 32. Re8+ Kh7 33. Qf5+ g6 34. Qf6 Qxf3+ 35. exf3 {[%emt 0:00:11] Weighted Error Value: White=0.07 (flawless) /Black=0.50} 1-0

[Event "34th MPL National U14-ch 2022"]
[Site "Ahmedabad"]
[Date "2022.05.09"]
[Round "2.3"]
[White "Agnivo Chakraborty"]
[Black "Ilamparthi A R"]
[Result "0-1"]
[ECO "B90"]
[WhiteElo "1434"]
[BlackElo "2121"]
[Annotator "TA"]
[PlyCount "116"]
[EventDate "2022.05.09"]
[EventType "swiss"]
[EventCountry "IND"]
[SourceTitle "playchess.com"]
[Source "ChessBase"]
[SourceQuality "1"]
[TimeControl "5400+30"]

1. e4 c5 2. Nf3 d6 3. d4 cxd4 4. Nxd4 Nf6 5. Nc3 a6 6. Bc4 b5 7. Bb3 Bb7 8. O-O {[%emt 0:00:00] 8.0-0 scores better than 8.f3.} Nbd7 {[%emt 0:00:00] [#] B90: Sicilian Najdorf: Unusual White 6th moves, 6 Be3 Ng4 and 6 Be3 e5.} 9. Nf5 $146 (9. Re1 $14) ({Predecessor:} 9. Bg5 e6 10. Re1 h6 11. Bxf6 Nxf6 12. Qd3 Nd7 13. Qh3 Nc5 14. Bd5 exd5 15. exd5+ Be7 16. Nf5 Bc8 17. Nxe7 Bxh3 18. Nc6+ Kd7 19. Nxd8 Rhxd8 20. gxh3 {0-1 (41) Grandelius,N (2642)-Jobava,B (2698) Sweden 2016}) 9... Nc5 $11 10. Qe2 (10. Bd5 $11 {remains equal.}) 10... e6 {[%emt 0:00:00] Black is better.} 11. e5 dxe5 12. Qxe5 Nxb3 13. axb3 b4 14. Ne2 Qd5 15. Qxd5 Nxd5 16. Ne3 Bc5 17. Nxd5 Bxd5 18. Re1 O-O 19. Nf4 Bb7 20. Be3 Be7 21. c4 Rfd8 22. Red1 (22. Bb6 $5 ) 22... Be4 {[%emt 0:00:00] A strong pair of Bishops.} 23. Rxd8+ Rxd8 24. f3 Bb7 25. Kf2 Bf6 (25... g5 $1 $15 26. Nh5 f5) 26. Ra4 Bxb2 (26... e5 $5 27. Nd5 Bxd5 28. cxd5 Rxd5 $11) 27. Rxb4 Rd7 28. c5 (28. Ke2 $14) 28... h6 (28... Bf6 $11) 29. Rb6 $16 {[%emt 0:00:00] Threatens to win with c6.} Rc7 {[%emt 0:01:12] Inhibits c6.} 30. Nd3 Bc3 31. Bf4 Re7 (31... e5 $142 32. Bxe5 Bxe5) 32. Bd6 Rd7 33. Ne5 (33. b4 $16) 33... Rxd6 $11 34. Rxd6 (34. Rxb7 $11 {and White stays safe.} Bd4+ 35. Ke2 Bxc5 36. Rb8+ Kh7 37. Nxf7) 34... Bxe5 $19 35. Rb6 Bd5 36. Ke3 (36. b4 {was necessary.}) 36... Bxh2 {[%emt 0:01:02] [#] aiming for ...Bg1+.} 37. Kf2 {[%emt 0:01:15] Prevents Bg1+. Hoping for g3.} Be5 {[%emt 0:00:38] White must now prevent ...Bd4+.} 38. Ke3 a5 39. Ra6 Bxb3 (39... g5 $19 {and Black stays clearly on top.} 40. Rxa5 Bxb3) 40. Rxa5 $2 {[%emt 0:00:06][%mdl 8192] White does not recover from this.} (40. f4 $17 Bb2 41. Rd6) 40... Bd5 41. c6 Kf8 42. f4 $2 (42. Ra8+ {only move.} Ke7 43. Ra7+ Kd8 44. Rxf7) 42... Bc7 43. Ra8+ Ke7 44. Ra7 (44. g3 $142) 44... Kd6 {[%emt 0:00:06] [#] ( -> ...Bb6+)} 45. Ra6 {[%emt 0:00:10] Prevents Bb6+.} Bxg2 46. Ra2 Bxc6 47. Rd2+ Ke7 {[%emt 0:00:08] Black mates.} 48. Rc2 Bb6+ 49. Kd3 Bd5 50. Rb2 Bc7 51. Ke3 g5 52. fxg5 hxg5 53. Rb4 f5 54. Ra4 g4 55. Ra7 Kd7 56. Kf2 g3+ 57. Kg1 Kc6 58. Ra6+ Bb6+ {[%emt 0:00:06] Weighted Error Value: White=0.80/Black=0.21 (precise)} 0-1

[Event "34th MPL National U14-ch 2022"]
[Site "Ahmedabad"]
[Date "2022.05.09"]
[Round "2.4"]
[White "Daakshin Arun"]
[Black "Dev Raj"]
[Result "1-0"]
[ECO "D35"]
[WhiteElo "2016"]
[BlackElo "1432"]
[Annotator "TA"]
[PlyCount "67"]
[EventDate "2022.05.09"]
[EventType "swiss"]
[EventCountry "IND"]
[SourceTitle "playchess.com"]
[Source "ChessBase"]
[SourceQuality "1"]
[TimeControl "5400+30"]

1. d4 Nf6 2. c4 e6 3. Nf3 d5 4. Nc3 Be7 5. cxd5 exd5 6. Bf4 O-O 7. e3 c6 8. Bd3 Nbd7 {[%emt 0:07:13] 8...Bg4 is the fancy move.} 9. O-O Re8 10. h3 Nf8 {[%emt 0:01:58] D35: Queen's Gambit Declined: Exchange Variation.} 11. Rb1 Bd6 12. Ne5 Ng6 {[%emt 0:03:07] The position is equal.} 13. Nxg6 hxg6 {[%emt 0:00:57] [#]} 14. Bxd6 $146 ({Predecessor:} 14. Qf3 Qc7 15. Bxd6 Qxd6 16. b4 g5 17. g4 g6 18. Kg2 Kg7 19. b5 Rh8 20. Qg3 Qxg3+ 21. Kxg3 {1-0 (50) Rombaldoni,D (2484)-Saccona,S (2230) Torino 2010}) 14... Qxd6 15. Qc2 Bd7 (15... g5 $5 ) 16. Na4 b6 (16... g5 $5 ) 17. Rfc1 (17. Rfe1 $11) 17... g5 $17 18. Bf5 Bxf5 ({Black should try} 18... g4 $15) 19. Qxf5 $11 Ne4 20. Nc3 Nd2 21. Ra1 Re6 (21... f6 $14) 22. Rc2 $16 ({Not} 22. Qxg5 Nf3+ $1 23. gxf3 Rg6 24. Qxg6 Qxg6+ 25. Kh2 Qf5 $17) 22... Rf6 23. Qd3 ({Weaker is} 23. Qxg5 {[#]} Nf3+ $1 24. gxf3 Rg6 $17) (23. Qe5 $16 Nc4 24. Qxg5) 23... Nc4 $14 24. e4 {[%emt 0:00:00] Black must now prevent b3.} Rh6 25. exd5 cxd5 {[%emt 0:00:41][%cal Og5g4] [#]} 26. Nxd5 $1 Qxd5 27. Qxc4 Qd6 28. d5 Rd8 29. Rd1 Kf8 30. Re2 Rf6 31. Rde1 {[%emt 0:00:00] White is more active.} Rf5 32. Qe4 {[%emt 0:00:00] Intending Qe8+ and mate.} g6 33. Qd4 Kg8 {[%emt 0:00:50][%mdl 8192] Against Qh8+} (33... Qf6 $16 34. Qxf6 Rxf6) 34. Re8+ {[%emt 0:00:00] Weighted Error Value: White=0.17 (very precise) /Black=0.18 (very precise)} 1-0

[Event "34th MPL National U14-ch 2022"]
[Site "Ahmedabad"]
[Date "2022.05.09"]
[Round "2.5"]
[White "Vandan Alankar Sawai"]
[Black "Mayank Chakraborty"]
[Result "0-1"]
[ECO "B33"]
[WhiteElo "1428"]
[BlackElo "2015"]
[Annotator "TA"]
[PlyCount "90"]
[EventDate "2022.05.09"]
[EventType "swiss"]
[EventCountry "IND"]
[SourceTitle "playchess.com"]
[Source "ChessBase"]
[SourceQuality "1"]
[TimeControl "5400+30"]

1. e4 c5 2. Nf3 Nc6 3. d4 cxd4 4. Nxd4 Nf6 5. Nc3 e5 6. Ndb5 d6 7. Nd5 Nxd5 8. exd5 Nb8 9. Qf3 a6 {[%emt 0:03:56] B33: Sicilian: Pelikan and Sveshnikov Variations.} 10. Qa3 Be7 11. Bg5 f6 {[%emt 0:05:02] The position is equal.} 12. Bd2 O-O 13. Bb4 axb5 14. Qxa8 Na6 15. Bd2 {[%emt 0:01:08][%cal Bb4d2,Bd2e3,Be3b6][%mdl 32] Strongly threatening Qa7.} Qb6 {[%emt 0:02:13] Prevents Qa7.} 16. Be3 Qc7 (16... Qa5+ $1 $14 17. c3 b4) 17. c3 $1 $16 f5 {[%emt 0:07:50] Hoping for ...f4.} 18. Qa7 $1 (18. Bxb5 $2 Bd7 19. Qa7 Bxb5 $19) 18... f4 {[%emt 0:03:31] [#]} 19. Bb6 $146 ({Predecessor:} 19. Bd2 Bd7 20. a4 Nc5 21. axb5 e4 22. Qa5 Qc8 23. Qb4 Qe8 24. Qc4 e3 25. fxe3 fxe3 {½-½ (45) Nouro,M (2330)-Ebeling,D (2279) Helsinki 2012}) 19... Qd7 20. a4 ({Better is} 20. f3 $16) 20... bxa4 $14 21. Bxa6 (21. Bd3 $1 $14) 21... bxa6 $11 22. Qxd7 Bxd7 23. Ba5 Rb8 24. Bb4 a5 25. Ba3 Bb5 26. O-O-O f3 27. gxf3 Be2 28. Rde1 Bxf3 29. Rhg1 Kf7 (29... Bxd5 30. Bxd6 $1 Bxd6 31. Rd1 $14) 30. Rg3 ({Much weaker is} 30. c4 Rc8 31. c5 Bf6 $17) 30... Bxd5 31. Rd1 Bb3 ({But not} 31... Rb5 32. Bxd6 $1 Bf6 33. f4 exf4 34. Bxf4 $14) 32. Bxd6 $2 {[%emt 0:00:24][%mdl 8192] [#]} (32. Rdg1 $15) 32... Rd8 $1 $19 33. Rdg1 Rxd6 ({Not} 33... Bxd6 $2 34. Rxg7+ Kf6 35. Rxh7 $19) 34. Rxg7+ Ke6 35. Rxh7 {[%emt 0:00:15] [#]} Bg5+ 36. Kb1 {[%emt 0:00:05] [#]} Rd2 $1 37. Rh5 (37. Rg7 Bf4) 37... Bf4 {[%emt 0:00:29] A strong pair of Bishops.} 38. h4 $2 (38. f3) 38... Rxf2 39. Rh8 Kd5 40. h5 Rh2 {[%emt 0:00:18] White must now prevent ...Ke4.} 41. Ra8 Rxh5 42. Rxa5+ Kc4 {[%emt 0:00:13] And now ...Kd3 would win.} 43. Re1 Kd3 {[%emt 0:00:14] ( -> ...Kd2)} 44. Ra7 Kd2 45. Rf1 Ke2 {[%emt 0:00:40] Quite a comeback for Black.  Weighted Error Value: White=0.88/Black=0.19 (very precise)} 0-1

[Event "34th MPL National U14-ch 2022"]
[Site "Ahmedabad"]
[Date "2022.05.09"]
[Round "2.6"]
[White "Shaik Sumer Arsh"]
[Black "Vibhakar Venkatakrishnan"]
[Result "1-0"]
[ECO "E38"]
[WhiteElo "1999"]
[BlackElo "1422"]
[Annotator "TA"]
[PlyCount "69"]
[EventDate "2022.05.09"]
[EventType "swiss"]
[EventCountry "IND"]
[SourceTitle "playchess.com"]
[Source "ChessBase"]
[SourceQuality "1"]
[TimeControl "5400+30"]

1. d4 Nf6 2. c4 e6 3. Nc3 Bb4 4. Qc2 c5 5. dxc5 Nc6 6. Nf3 Bxc5 7. Bg5 h6 8. Bh4 b6 {[%emt 0:11:12] E38: Nimzo-Indian: Classical: 4...c5.} 9. Rd1 Bb7 10. e4 (10. e3 $14) 10... g5 $11 {[%emt 0:03:19] Black has an edge.} 11. Bg3 {[%emt 0:01:26] [#]} g4 $146 (11... Nh5 $11) ({Predecessor:} 11... Nh5 12. Bd6 Bxd6 13. Rxd6 g4 14. Nd2 Rc8 15. Qd1 Rg8 16. Rd3 Ne5 17. Re3 a6 {0-1 (41) Akesson,R (2449)-Miezis,N (2527) Gausdal 2006}) 12. Ne5 Nd4 13. Qb1 d6 {[%emt 0:07:57] [#]} (13... Nh5 $14) 14. Nd3 $1 $16 a5 15. Bh4 Rg8 16. Qc1 (16. Nxc5 $142 bxc5 17. Bd3) 16... Qe7 17. Nf4 (17. Qxh6 Rg6 18. Qc1 (18. Qh8+ Kd7 $11) 18... Qf8 $14) (17. Nxc5 $16 bxc5 18. Bd3 (18. Qxh6 Rg6 $14)) 17... Rg5 $1 $14 18. Bd3 Re5 (18... d5 $1 $14) 19. Kf1 (19. O-O $142) 19... O-O-O $16 20. Nfe2 (20. a3 $16) 20... Rh5 21. Bg3 $1 Nxe2 22. Bxe2 (22. Kxe2 $11 Kb8 23. Bc2) 22... Bxe4 $17 ({Inferior is} 22... Nxe4 23. Nxe4 Bxe4 24. Bxg4) 23. Na4 Rf5 (23... Rg8 $17 24. Nxc5 dxc5) 24. a3 ({White should try} 24. Nxc5 $15 dxc5 25. Kg1) 24... Nh5 (24... Qc7 25. Nxc5 Qxc5) (24... Bc6 $17 25. Nxc5 dxc5) 25. Nxc5 $11 bxc5 26. Bxg4 Nxg3+ (26... Qb7 $11 {keeps the balance.} 27. Rg1 Nxg3+ 28. hxg3 Rg5) 27. hxg3 $16 Rg5 28. Bf3 Bxf3 29. gxf3 Qb7 {[%emt 0:00:01][%cal Og5g3] [#] Threatens to win with ...Rxg3!} 30. Qc3 (30. Rxh6 $6 Qxf3 31. Qxg5 Qxd1+ 32. Kg2 Qd4 $11) 30... Rf5 31. Rd3 ({Of course not} 31. Rxh6 $6 Rxf3 32. Qxa5 Rxg3 33. fxg3 Qf3+ 34. Ke1 Qe3+ 35. Kf1 Qf3+ 36. Ke1 Qe3+ 37. Kf1 Qf3+ $11) 31... h5 32. Kg2 e5 (32... Qb6) (32... Qb6 $16 {might work better.}) 33. Rh4 ({But not} 33. Qxa5 $6 e4 34. Re3 Rxf3 $16) 33... Rg8 $2 (33... a4 34. Qc2 Qa8) (33... a4 {is more resistant.} 34. Rd5 Qb3) 34. Rxd6 $18 Rg4 (34... Rd8 $142) 35. Qd3 {[%emt 0:00:03] Weighted Error Value: White=0.34/Black=0.44} 1-0

[Event "34th MPL National U14-ch 2022"]
[Site "Ahmedabad"]
[Date "2022.05.09"]
[Round "2.7"]
[White "Ashvath Mittal"]
[Black "Sahib Singh"]
[Result "0-1"]
[ECO "C11"]
[WhiteElo "1419"]
[BlackElo "1991"]
[Annotator "TA"]
[PlyCount "58"]
[EventDate "2022.05.09"]
[EventType "swiss"]
[EventCountry "IND"]
[SourceTitle "playchess.com"]
[Source "ChessBase"]
[SourceQuality "1"]
[TimeControl "5400+30"]

1. e4 e6 2. d4 d5 3. Nc3 Nf6 4. e5 Nfd7 5. f4 c5 6. Nf3 Nc6 7. Be3 Be7 8. Qd2 O-O 9. O-O-O {[%emt 0:00:35] C11: French: Classical System: 4 e5 and 4 Bg5 dxe4.} (9. Be2 $11 {keeps the balance.}) 9... Qa5 ({Better is} 9... c4 $17 {[%cal Ob7b5] Threatens to win with ...b5!} 10. f5 b5) 10. Kb1 (10. dxc5 $1 $11 Bxc5 11. a3) 10... Rb8 {[%emt 0:12:17] [#]} ({Black should try} 10... c4 $1 $15) 11. Nb5 $146 (11. dxc5 $11 Bxc5 12. Bxc5 Nxc5 13. Qe3) ({Predecessor:} 11. f5 cxd4 12. Bxd4 exf5 13. Nb5 Qxd2 14. Rxd2 a6 15. Nd6 Nxd4 16. Rxd4 Bxd6 17. exd6 {0-1 (66) Przybylski,W (2321)-Isha,S (2276) Chess.com INT 2020}) 11... Qxd2 $15 (11... Nb4 12. a3 c4 13. Nd6 (13. axb4 Qxb5 14. Qc3 Bxb4 $17) 13... Bxd6 14. exd6 $11) 12. Rxd2 a6 13. Nd6 Bxd6 14. exd6 c4 15. Ne5 Na7 16. b3 b5 17. f5 (17. g4 $15) 17... Nf6 (17... exf5 $17 {Hoping for ...Nf6.} 18. g4 fxg4) 18. Kc1 $2 {[%emt 0:04:30] Now White is beyond hope.} (18. g4 $1 $11 {and White stays safe.}) 18... exf5 $19 19. Bf4 (19. d7 $142 Bxd7 20. Bg5) 19... Ne4 20. d7 {[%emt 0:02:08] [#]} Bb7 21. Re2 g5 22. Bd2 f6 23. Bb4 (23. Rxe4 dxe4 24. Nxc4) 23... fxe5 {[%emt 0:00:33] Black is clearly winning.} ({Avoid the trap} 23... Rfd8 $2 24. Nf3 $19) 24. Bxf8 Kxf8 ({Not} 24... Rxf8 $2 25. dxe5 Kf7 26. g4 $19) 25. dxe5 Nc6 26. bxc4 bxc4 ({Don't go for} 26... Nxe5 $2 27. cxb5 axb5 28. Re3 $19) 27. e6 Ke7 28. g4 f4 29. h4 Ng3 {[%emt 0:00:06] Weighted Error Value: White=0.59/Black=0.26 (precise)} 0-1

[Event "34th MPL National U14-ch 2022"]
[Site "Ahmedabad"]
[Date "2022.05.09"]
[Round "2.8"]
[White "Ankit Ray"]
[Black "Shaun Deon Sequeira"]
[Result "1-0"]
[ECO "A49"]
[WhiteElo "1932"]
[BlackElo "1418"]
[Annotator "TA"]
[PlyCount "139"]
[EventDate "2022.05.09"]
[EventType "swiss"]
[EventCountry "IND"]
[SourceTitle "playchess.com"]
[Source "ChessBase"]
[SourceQuality "1"]
[TimeControl "5400+30"]

1. d4 Nf6 2. Nf3 g6 3. g3 Bg7 4. Bg2 O-O 5. O-O d6 6. b3 d5 {[%emt 0:07:06][%cal Oc7c5] A49: 1 d4 Nf6 2 Nf3 g6 3 g3: Anti-King's Indian systems.} 7. Bb2 {[%emt 0:01:49] [#]} b6 $146 ({Predecessor:} 7... c6 8. c4 a5 9. Nc3 Bf5 10. Nd2 h5 11. Re1 h4 12. Rc1 h3 13. Bh1 Bh6 {1-0 (61) Yakubboev,N (2598)-Lagno,K (2559) Chess.com INT 2021}) 8. c4 e6 {[%emt 0:01:17] The position is equal.} 9. Ne5 Bb7 10. Qc2 Nbd7 11. Rd1 c6 12. Nxd7 (12. f4 {looks sharper.} Ne4 13. e3 f5 14. Nc3) 12... Qxd7 13. Nc3 b5 14. e4 Rfd8 15. e5 Ne8 16. c5 {[%emt 0:00:12] White is more active.} a5 17. h4 Qc7 18. Ne2 b4 19. h5 a4 (19... Bh6 $14) 20. hxg6 $16 hxg6 21. Qd2 (21. bxa4 Qa5) 21... Qa5 22. Qg5 Qc7 23. Nf4 axb3 24. axb3 Rxa1 (24... Ba6 $16 {was necessary.} 25. Bc1 Bf8) 25. Rxa1 $18 Ra8 26. Rxa8 Bxa8 27. Nd3 Qb8 28. Qd2 Nc7 29. Nxb4 Nb5 30. Bf1 Bf8 31. Nc2 Nc7 32. Qc3 Bh6 33. f4 Kf8 34. Kf2 Ke7 35. Na3 Kd7 36. b4 Nb5 (36... g5 $16 {was called for.}) 37. Qb3 g5 $2 {[%emt 0:02:25] [#]} (37... Nc7 {might work better.} 38. Bc3 (38. b5 cxb5 39. Bc3 Bg7 $18) 38... g5) 38. Nxb5 cxb5 39. fxg5 Bxg5 40. Qf3 Ke7 (40... f5 41. exf6 Bc6) 41. Qh5 Bd2 42. Qh4+ Kd7 43. Qf6 Qf8 44. Bxb5+ Kc7 (44... Bc6 $142) 45. Be2 Bxb4 46. Bh5 Bxc5 47. Qxf7+ ({Resist} 47. dxc5 $6 Qxc5+ 48. Kf3 Qb4 49. Qxf7+ Kb6 50. Qxe6+ Bc6 $18) 47... Qxf7+ $2 (47... Be7 48. Qxf8 Bxf8) 48. Bxf7 {[%emt 0:00:05][%mdl 4096] Endgame KBB-KBB} Be7 49. Bxe6 Bg5 50. Ke2 Kd8 51. Bc3 {[%emt 0:00:26] [#] Black must now prevent Bd2.} Ke7 52. Bf5 {[%emt 0:00:20] Threatening mate with Bd2.} Bc6 53. Bd2 {[%emt 0:01:25] White mates.} Bb5+ 54. Bd3 Bxd2 55. Kxd2 {[%emt 0:00:04] KB-KB} Bd7 56. Ke3 Kf7 57. Kf4 Kg7 58. g4 Be6 59. Bf5 Bg8 60. e6 Kf6 61. g5+ Ke7 62. Ke5 Kf8 63. Kf6 Bxe6 64. Bxe6 {[%emt 0:00:04] KB-KP} Ke8 65. g6 Kd8 66. g7 Kc7 67. g8=Q Kb6 68. Qc8 Kb5 69. Bd7+ Kb4 70. Ke5 {[%emt 0:00:07] Weighted Error Value: White=0.21 (precise) /Black=0.39} 1-0

[Event "34th MPL National U14-ch 2022"]
[Site "Ahmedabad"]
[Date "2022.05.09"]
[Round "2.9"]
[White "Atharva Kale"]
[Black "Bharadia Yash"]
[Result "0-1"]
[ECO "B90"]
[WhiteElo "1413"]
[BlackElo "1924"]
[Annotator "TA"]
[PlyCount "73"]
[EventDate "2022.05.09"]
[EventType "swiss"]
[EventCountry "IND"]
[SourceTitle "playchess.com"]
[Source "ChessBase"]
[SourceQuality "1"]
[TimeControl "5400+30"]

1. e4 c5 2. Nf3 d6 3. d4 cxd4 4. Nxd4 Nf6 5. Nc3 a6 6. h3 e5 7. Nde2 b5 8. Ng3 {[%emt 0:00:39] B90: Sicilian Najdorf: Unusual White 6th moves, 6 Be3 Ng4 and 6 Be3 e5.} Bb7 9. Bg5 Nbd7 10. Be2 {[%emt 0:06:24] [#]} (10. Nh5 $1 $14) 10... h6 $146 ({Predecessor:} 10... Qa5 11. a3 h6 12. Bd2 Qc7 13. O-O Nb6 14. Bf3 Nc4 15. Bc1 Be7 16. Re1 O-O {½-½ (57) Maghsoodloo,P (2671)-Sarana,A (2636) Chess.com INT 2019}) 11. Be3 b4 12. Nd5 Nxd5 13. exd5 g6 14. O-O Bg7 15. Qd2 a5 (15... Qh4 $11) 16. c3 ({Better is} 16. Ne4 $16 Qe7 17. c4) 16... bxc3 17. bxc3 f5 {[%emt 0:00:00] Against Ne4} 18. f4 (18. Rab1 $14 Qc7 19. Bb5) 18... O-O 19. Rab1 Qc7 20. c4 (20. Bb5 $11) 20... Kh7 (20... exf4 $15 21. Rxf4 (21. Bxf4 Kh7 $11) 21... Ba6) 21. Rfc1 (21. h4 $11 {keeps the balance.}) 21... exf4 $17 22. Bxf4 Ba6 {[%emt 0:00:00] Inhibits Rb5.} 23. Be3 Rae8 24. Bd3 Nc5 25. Ne2 $2 {[%emt 0:00:00][%mdl 8192] White does not recover from this.} (25. Bxc5 $15 Qxc5+ 26. Kh1) 25... Nxd3 $19 26. Qxd3 {[%emt 0:00:00] [#]} Qe7 $1 27. Kf2 Qh4+ 28. Kg1 $2 {[%emt 0:00:00] [#]} (28. g3 {was forced.} Qxh3 29. Rh1) 28... Qe4 $1 ({Worse is} 28... Re4 29. Bf2 Qg5 30. Nd4 Bxd4 31. Bxd4 $11) 29. Qxe4 Rxe4 30. Nf4 Rxe3 {[%emt 0:00:00] Black is clearly winning.} 31. Ne6 Rc8 32. Rb6 {[%emt 0:00:00] [#]} Rxe6 $1 33. dxe6 (33. Rxa6 Re2) 33... Bd4+ 34. Kh1 Bxb6 35. e7 Re8 36. Re1 Bxc4 37. Ra1 {[%emt 0:03:00] Weighted Error Value: White=0.93/Black=0.13 (very precise)} 0-1